[Event "ICCopen2016"]
[Site "Internet Chess Club"]
[Date "2016.06.03"]
[Round "6"]
[White "paulohaddad"]
[Black "lion100"]
[Result "0-1"]
[ICCResult "White forfeits on time"]
[WhiteElo "1690"]
[BlackElo "1392"]
[Opening "Queen's pawn game"]
[ECO "D02"]
[NIC "QP.08"]
[Time "19:55:58"]
[TimeControl "180+0"]

1. d4 d5 2. Nf3 e6 3. Bf4 Nf6 4. e3 Bd6 5. Bg3 O-O 6. Bd3 c5 7. c3 Nc6 8.
Nbd2 Be7 9. Ne5 Qb6 10. b3 a6 11. Qe2 Nxe5 12. dxe5 Nd7 13. Qh5 g6 14. Qe2
d4 15. Nc4 Qc6 16. exd4 cxd4 17. cxd4 Qxg2 18. O-O-O Qc6 19. Kb1 b5 20. Nd6
Qc7 21. Rc1 Qa5 22. h4 h5 23. Bf4 Nb6 24. Bd2 Qa3 25. Ne4 Nd5 26. Rhg1 Nb4
27. Bxb4 Qxb4 28. Qxh5 Rd8 29. Nf6+ Bxf6 30. exf6 Qxd4 31. Bxg6 Qxf6 32.
Bxf7+ Kf8 33. Rg8+ Ke7 34. Bxe6 Bxe6 35. Rxd8 Rxd8 36. Qc5+ Kf7 37. Qc7+ Rd7
38. Qc2 Bf5 39. Qxf5 Qxf5+ 40. Kb2 Rd2+ 41. Ka3 Qf6 42. b4 Qe7
{White forfeits on time}
0-1

[Event "ICCopen2016"]
[Site "Internet Chess Club"]
[Date "2016.06.03"]
[Round "6"]
[White "TudoracheM"]
[Black "kabindra"]
[Result "1/2-1/2"]
[ICCResult "Black ran out of time and White has no material to mate"]
[WhiteElo "1714"]
[BlackElo "1538"]
[Opening "QP counter-gambit (elephant gambit)"]
[ECO "C40"]
[NIC "KP.10"]
[Time "19:56:11"]
[TimeControl "180+0"]

1. e4 e5 2. Nf3 d5 3. exd5 e4 4. Qe2 Nf6 5. Nc3 Be7 6. Nxe4 O-O 7. d3 Re8 8.
Be3 Nxd5 9. O-O-O f5 10. Nc3 Nxc3 11. bxc3 Ba3+ 12. Kd2 f4 13. Nd4 fxe3+ 14.
fxe3 c5 15. Nf3 c4 16. d4 Nc6 17. Qxc4+ Be6 18. Qa4 Be7 19. Bc4 Bxc4 20.
Qxc4+ Kh8 21. h4 Bf6 22. Ng5 Bxg5 23. hxg5 Qxg5 24. Rxh7+ Kxh7 25. Rh1+ Kg6
26. Qd3+ Qf5 27. Rg1 Qxd3+ 28. Kxd3 Rf8 29. e4 Rf2 30. e5 Ne7 31. Kc4 Rxc2
32. Kb3 Re2 33. g3 Nd5 34. Rc1 b5 35. a4 a6 36. axb5 axb5 37. c4 bxc4+ 38.
Kxc4 Ne3+ 39. Kd3 Raa2 40. Rc6+ Kg5 41. Rc7 Rad2+ 42. Ke4 Nf5+ 43. Kd5 Rxd4+
44. Ke6 Rde4 45. Rc5 Nxg3 46. Kf7 g6 47. e6+ Re5 48. Rc6 Nf5 49. Rc1 Rxe6
50. Rg1+ Kf4 51. Rf1+ Kg3 52. Rg1+ Kf2 53. Rg5 Nh6+ 54. Kg7 Nf5+ 55. Kh7
Re7+ 56. Kxg6 Ng3 57. Rg4 R2e6+ 58. Kg5 Rg7+ 59. Kh4 Rxg4+ 60. Kxg4 Re4+ 61.
Kg5 Kf3 62. Kf6 Kf4 63. Kf7 Re5 64. Kf6 Nh5+ 65. Kg6 Kg4 66. Kf7 Kf5 67. Kf8
Re6 68. Kf7 Nf6 69. Kg7 Nd7 70. Kf7 Rf6+ 71. Ke7 Nb8 72. Kd8
{Black ran out of time and White has no material to mate}
1/2-1/2

[Event "ICCopen2016"]
[Site "Internet Chess Club"]
[Date "2016.06.03"]
[Round "6"]
[White "El-Kaiser"]
[Black "Alright2015"]
[Result "1-0"]
[ICCResult "Black forfeits on time"]
[WhiteElo "2383"]
[BlackElo "2027"]
[Opening "Budapest: Adler variation"]
[ECO "A52"]
[NIC "QG.01"]
[Time "19:55:37"]
[TimeControl "180+0"]

1. d4 Nf6 2. c4 e5 3. dxe5 Ng4 4. Nf3 Bc5 5. e3 Nc6 6. Be2 O-O 7. O-O Re8 8.
b3 a5 9. Bb2 Ncxe5 10. Nbd2 Ra6 11. Ne4 Ba7 12. c5 Rh6 13. h3 Nxf3+ 14. Bxf3
Ne5 15. Be2 Qh4 16. f4 Nc6 17. Qd3 Rg6 18. Kh2 d5 19. cxd6 cxd6 20. Bf3 Bf5
21. Qd5 Rxe4 22. Bxe4 Qg3+ 23. Kh1 Bxh3 24. Bxg6 Be6 25. Qg5 Qxg5 26. fxg5
hxg6 27. Rfe1 Nb4 28. Rad1 d5 29. Bd4 Bb8 30. a3 Nc6 31. Rc1 Bd6 32. a4 Nb4
33. Bc5 Bxc5 34. Rxc5 Nd3 35. Rec1 Nxc1 36. Rxc1 Kf8 37. Rc7 d4 38. exd4
Bxb3 39. Rxb7 Bxa4 40. Ra7 Bd7 41. Rxa5 Ke7 42. Re5+ Kd6 43. Kg1 Be6 44. Kf2
Bd5 45. g3 Be6 46. Re3 Bd5 47. Ra3 Be6 48. Ke3 Bd5 49. Ra6+ Ke7 50. Ra7+ Ke6
51. Ra6+ Ke7 52. Rb6 Be6 53. Rb5 Bd7 54. Rb6 Be6 55. Ra6 Bd7 56. Ra7 Ke6 57.
Rb7 Bc6 58. Ra7 Kd6 59. Rc7 Bd7 60. d5 Kxc7 61. d6+ Kxd6 62. Kf4 Bc8 63. g4
Bb7 64. Kg3 Ke7 65. Kh4 f6 66. Kg3 fxg5 67. Kh3 Ke6 68. Kh2 Bc8 69. Kg1 Bd7
70. Kf2 {Black forfeits on time} 1-0

[Event "ICCopen2016"]
[Site "Internet Chess Club"]
[Date "2016.06.03"]
[Round "6"]
[White "zelog"]
[Black "Rayconniff"]
[Result "1/2-1/2"]
[ICCResult "Black stalemated"]
[WhiteElo "2173"]
[BlackElo "1654"]
[Opening "English, 1...Nf6 (Anglo-Indian defense)"]
[ECO "A15"]
[NIC "EO.64"]
[Time "19:55:49"]
[TimeControl "180+0"]

1. c4 Nf6 2. g3 g6 3. Bg2 Bg7 4. Nf3 d6 5. O-O Nbd7 6. Nc3 O-O 7. d3 e5 8.
Rb1 Re8 9. Bg5 Nf8 10. Nd5 Ne6 11. Bxf6 Bxf6 12. Nxf6+ Qxf6 13. b4 a5 14. b5
Bd7 15. a4 c6 16. Nd2 Nd4 17. e3 Ne6 18. Ne4 Qe7 19. Nc3 Nc5 20. d4 exd4 21.
exd4 Ne6 22. bxc6 bxc6 23. Rb7 Reb8 24. Bxc6 Rxb7 25. Bxb7 Rb8 26. Bd5 Qf6
27. Nb5 Bxb5 28. Bxe6 Bxa4 29. Bxf7+ Qxf7 30. Qxa4 Rb4 31. Qxa5 Rxc4 32.
Qd8+ Qf8 33. Qxf8+ Kxf8 34. Rd1 d5 35. Kg2 Rc3 36. Ra1 Rc4 37. Rd1 Rc2 38.
Kf3 Kf7 39. Ke3 Rc3+ 40. Kf4 Kf6 41. h4 h6 42. f3 g5+ 43. hxg5+ hxg5+ 44.
Kg4 Rc4 45. Rd3 Ra4 46. f4 Rc4 47. fxg5+ Kg6 48. Kf4 Ra4 49. Ke5 Ra5 50. Rc3
Kxg5 51. Rc5 Ra3 52. Rxd5 Rxg3 53. Rd8 Re3+ 54. Kd6 Rd3 55. d5 Kf5 56. Re8
Kf6 57. Kc6 Kf7 58. Re1 Rc3+ 59. Kd7 Rd3 60. d6 Rd2 61. Kc7 Rc2+ 62. Kd8 Rd2
63. d7 Rd3 64. Re4 Rd2 65. Rf4+ Ke6 66. Re4+ Kf7 67. Re5 Kf6 68. Re4 Kf7 69.
Kc7 Rc2+ 70. Kd6 Rd2+ 71. Kc6 Rc2+ 72. Kd6 Rd2+ 73. Kc7 Rc2+ 74. Kd8 Rd2 75.
Re7+ Kf6 76. Re8 Kf7 77. Re1 Rd3 78. Re5 Rd2 79. Kc7 Rc2+ 80. Kd6 Rd2+ 81.
Rd5 Rxd5+ 82. Kxd5 Ke7 83. Kc6 Kd8 84. Kd6 {Black stalemated} 1/2-1/2

[Event "ICCopen2016"]
[Site "Internet Chess Club"]
[Date "2016.06.03"]
[Round "6"]
[White "maxhappy"]
[Black "papko"]
[Result "0-1"]
[ICCResult "White forfeits on time"]
[WhiteElo "1849"]
[BlackElo "1548"]
[Opening "KP: Indian opening"]
[ECO "C20"]
[NIC "KP.10"]
[Time "19:56:44"]
[TimeControl "180+0"]

1. e4 e5 2. d3 Nc6 3. Nc3 Bc5 4. f4 Nf6 5. Nf3 d5 6. fxe5 Ng4 7. d4 dxe4 8.
Nxe4 Nxd4 9. Nxc5 Nxf3+ 10. Qxf3 Nxe5 11. Qg3 O-O 12. Be2 Re8 13. O-O b6 14.
Nd3 Nc4 15. Bf3 Rb8 16. Bf4 Qd4+ 17. Kh1 Ba6 18. Bxc7 Rbc8 19. Bg4 Nxb2 20.
Nxb2 Bxf1 21. Bxc8 Bxg2+ 22. Kxg2 Qxb2 23. Rf1 Qxc2+ 24. Rf2 Qc6+ 25. Qf3
Qxc7 26. Ba6 h6 27. Bd3 a5 28. Bc2 b5 29. Bb3 Rf8 30. Qd5 a4 31. Bc2 Qa7 32.
Qxb5 Qd4 33. Qf5 g6 34. Qh3 h5 35. Qg3 Qd5+ 36. Kg1 Qxa2 37. Be4 Qa1+ 38.
Kg2 Qg7 39. Bd5 a3 40. Rxf7 Rxf7 41. Qf3 a2 {White forfeits on time} 0-1

[Event "ICCopen2016"]
[Site "Internet Chess Club"]
[Date "2016.06.03"]
[Round "6"]
[White "Darnoc"]
[Black "Bubacik"]
[Result "1-0"]
[ICCResult "Black resigns"]
[WhiteElo "2876"]
[BlackElo "2659"]
[Opening "Nimzo-Indian: classical, Pirc variation"]
[ECO "E39"]
[NIC "NI.21"]
[Time "19:56:21"]
[TimeControl "180+0"]

1. d4 Nf6 2. c4 e6 3. Nc3 Bb4 4. Qc2 c5 5. dxc5 O-O 6. a3 Bxc5 7. Nf3 Nc6 8.
Bg5 b6 9. e3 Bb7 10. Bd3 h6 11. h4 Rc8 12. O-O-O Be7 13. Rh3 d5 14. Rg3 Nh5
15. Rh3 Na5 16. g4 Nf6 17. Ne5 Nd7 18. Nxd7 Qxd7 19. cxd5 Bxd5 20. Bh7+ Kh8
21. e4 Kxh7 22. exd5+ Kg8 23. dxe6 Qxe6 24. Re3 Bxg5 25. hxg5 Qc6 26. gxh6
Qxh6 27. Kb1 Nc4 28. Rg3 Qf6 29. g5 Qf4 30. Rh1 g6 31. Rgh3 Qd4 32. Nb5
Nxa3+ 33. Rxa3 Qd5 34. Rah3 Qxh1+ 35. Rxh1 Rxc2 36. Kxc2 a6 37. Nc3 Rc8 38.
f4 Rc4 39. Rf1 b5 40. b3 b4 41. bxc4 bxc3 42. Kxc3 Kg7 43. c5 {Black
resigns} 1-0

[Event "ICCopen2016"]
[Site "Internet Chess Club"]
[Date "2016.06.03"]
[Round "6"]
[White "edwspin"]
[Black "capablance2"]
[Result "1-0"]
[ICCResult "Black forfeits on time"]
[WhiteElo "1581"]
[BlackElo "1257"]
[Opening "Queen's pawn: Chigorin variation"]
[ECO "D00"]
[NIC "QP.08"]
[Time "19:56:20"]
[TimeControl "180+0"]

1. d4 d5 2. Nc3 Nf6 3. Nf3 Bg4 4. e3 e6 5. Be2 Bb4 6. Bd2 O-O 7. O-O Nbd7 8.
Ne5 Bxe2 9. Qxe2 Bxc3 10. Bxc3 Nxe5 11. dxe5 Ne4 12. Be1 Qg5 13. f3 Nc5 14.
f4 Qf5 15. Bb4 Ne4 16. Bxf8 Rxf8 17. c3 c5 18. g4 Qg6 19. h3 a6 20. Qg2 c4
21. Rf3 f5 22. exf6 Qxf6 23. f5 exf5 24. Rxf5 Qd6 25. Rxf8+ Qxf8 26. Rf1 Qd6
27. Qf3 h6 28. Qf7+ Kh7 29. Rf3 Ng5 30. Qf5+ Kg8 31. Rf4 Nxh3+ 32. Kg2 Nxf4+
33. exf4 b5 34. Qc8+ Kh7 35. Qf5+ g6 36. Qf7+ Kh8 37. g5 hxg5 38. fxg5 a5
39. Kf3 a4 40. Qe8+ Kg7 41. Qe3 b4 42. Qd4+ Kh7 43. Qh4+
{Black forfeits on time}
1-0

[Event "ICCopen2016"]
[Site "Internet Chess Club"]
[Date "2016.06.03"]
[Round "6"]
[White "mrneale"]
[Black "talbagels2"]
[Result "0-1"]
[ICCResult "White resigns"]
[WhiteElo "1254"]
[BlackElo "1672"]
[Opening "Sicilian: Alapin's variation (2.c3)"]
[ECO "B22"]
[NIC "SI.46"]
[Time "19:56:23"]
[TimeControl "180+0"]

1. e4 c5 2. c3 e6 3. d4 d5 4. exd5 exd5 5. Nf3 Nf6 6. Bg5 cxd4 7. Qxd4 Be7
8. Bb5+ Bd7 9. Bxd7+ Qxd7 10. Ne5 Qd6 11. O-O Nc6 12. Nxc6 bxc6 13. Re1 O-O
14. Nd2 Rfe8 15. Nf3 h6 16. Bh4 Rad8 17. Rad1 Ne4 18. Bxe7 Rxe7 19. Re2 Rde8
20. Rde1 c5 21. Qd3 Qc6 22. Nd2 c4 23. Qd4 Kf8 24. Nxe4 Rxe4 25. Rxe4 Rxe4
26. Rxe4 dxe4 27. Qe3 a6 28. f3 exf3 29. Qxf3 Qxf3 30. gxf3 Ke7 31. Kf2 Ke6
32. Ke3 Ke5 33. b3 g5 34. h3 f5 35. b4 h5 36. a4 g4 37. hxg4 fxg4 38. fxg4
hxg4 39. b5 axb5 40. a5 Kd5 41. a6 Kc6 42. a7 Kb7 43. Kf4 Kxa7 44. Kxg4 Kb6
45. Kf3 Kc5 46. Ke3 b4 47. cxb4+ Kxb4 48. Kd2 Kb3 49. Kc1 Kc3 50. Kd1 Kb2
51. Kd2 c3+ {White resigns} 0-1

[Event "ICCopen2016"]
[Site "Internet Chess Club"]
[Date "2016.06.03"]
[Round "6"]
[White "Kastor"]
[Black "chessasuke91"]
[Result "0-1"]
[ICCResult "White resigns"]
[WhiteElo "2850"]
[BlackElo "2640"]
[Opening "French: Winawer, advance, poisoned pawn variation"]
[ECO "C18"]
[NIC "FR.11"]
[Time "19:56:35"]
[TimeControl "180+0"]

1. e4 e6 2. d4 d5 3. Nc3 Bb4 4. e5 c5 5. a3 Bxc3+ 6. bxc3 Ne7 7. Qg4 O-O 8.
Bd3 Nbc6 9. Qh5 Ng6 10. Nf3 Qc7 11. Be3 Nce7 12. dxc5 b6 13. O-O bxc5 14.
Rfe1 Rb8 15. Rab1 Bd7 16. h4 c4 17. Bf1 Nf5 18. Rxb8 Rxb8 19. Bc1 Qa5 20.
Bd2 h6 21. Qg4 Ba4 22. h5 Nge7 23. Rc1 Rb2 24. Qf4 Nc6 25. g4 Nfe7 26. Ne1
Qc7 27. Qg3 Qxe5 28. Bf4 Qf6 29. Bh3 e5 30. Bd2 Kh8 31. g5 hxg5 32. Bxg5 Qd6
33. Qh4 f6 34. Be3 f5 35. Bg5 Kh7 36. Qg3 f4 37. Qh4 Rb7 38. Rd1 d4 39. cxd4
Nxd4 40. Kf1 c3 41. Kg2 Bc6+ 42. Kh2 Nf3+ 43. Nxf3 Qxd1 44. Ng1 Qxc2 45. Bg4
Nf5 46. Bxf5+ Qxf5 47. h6 g6 48. Nh3 Qe4 {White resigns} 0-1

[Event "ICCopen2016"]
[Site "Internet Chess Club"]
[Date "2016.06.03"]
[Round "6"]
[White "GoldenCountry"]
[Black "croder"]
[Result "1/2-1/2"]
[ICCResult "White ran out of time and Black has no material to mate"]
[WhiteElo "1487"]
[BlackElo "1729"]
[Opening "Philidor's defense"]
[ECO "C41"]
[NIC "KP.10"]
[Time "19:56:36"]
[TimeControl "180+0"]

1. e4 e5 2. Nf3 d6 3. Bc4 Be6 4. Bxe6 fxe6 5. d4 exd4 6. Nxd4 Qd7 7. O-O Nf6
8. Nc3 Nc6 9. Bg5 Nxd4 10. Qxd4 c5 11. Qd3 O-O-O 12. Rad1 Kb8 13. Qg3 h6 14.
Bxf6 gxf6 15. Kh1 Ka8 16. f4 Be7 17. e5 d5 18. Ne4 f5 19. Nf2 Rdg8 20. Qf3
h5 21. c4 d4 22. g3 Rg7 23. Nd3 Rhg8 24. Rg1 Rg4 25. h3 R4g7 26. Kh2 Qa4 27.
Rc1 h4 28. g4 fxg4 29. hxg4 Qc6 30. Qxc6 bxc6 31. a3 Rxg4 32. Rxg4 Rxg4 33.
Rf1 Kb7 34. f5 exf5 35. Rxf5 Ka6 36. e6 Bd6+ 37. Kh1 h3 38. Nxc5+ Bxc5 39.
Rxc5 d3 40. Rxc6+ Kb7 41. Rd6 Rxc4 42. Rxd3 Rc1+ 43. Kh2 Rc2+ 44. Kxh3 Re2
45. Rd6 Kc7 46. Rd7+ Kc6 47. Rxa7 Rxb2 48. e7 Re2 49. Kg4 Kd6 50. Kf3 Re5
51. Kf4 Re1 52. Kf5 Re3 53. Kf6 Re2 54. Kf7 Rf2+ 55. Ke8 Kc6 56. Kd8 Rd2+
57. Kc8 Re2 58. Ra6+ Kb5 59. Ra7 Kb6 60. Rc7 Re6 61. Kd8 Re5 62. Rd7 Kc6 63.
e8=Q Rxe8+ 64. Kxe8 Kb5
{White ran out of time and Black has no material to mate}
1/2-1/2

[Event "ICCopen2016"]
[Site "Internet Chess Club"]
[Date "2016.06.03"]
[Round "6"]
[White "x22"]
[Black "minmax"]
[Result "0-1"]
[ICCResult "White forfeits on time"]
[WhiteElo "2381"]
[BlackElo "2049"]
[Opening "Levitsky attack (Queen's bishop attack)"]
[ECO "D00"]
[NIC "QP.08"]
[Time "19:56:18"]
[TimeControl "180+0"]

1. d4 d5 2. Bg5 c6 3. e4 dxe4 4. Nc3 Nf6 5. f3 exf3 6. Nxf3 Nbd7 7. Bc4 e6
8. O-O Be7 9. Kh1 O-O 10. Qe1 b6 11. Ne5 Bb7 12. Rd1 Nxe5 13. dxe5 Nd5 14.
Bc1 Qc7 15. Qg3 Rfd8 16. Ne4 Bf8 17. Ng5 Rd7 18. Qd3 g6 19. Qh3 h6 20. Nxe6
fxe6 21. Qxe6+ Kh7 22. Bd3 Rg7 23. Rf6 Bc8 24. Qxc6 Qxc6 25. Rxc6 Bb7 26.
Re6 Nb4 27. Bc4 Be4 28. c3 Nc6 29. Re1 Bxg2+ 30. Kxg2 Rc8 31. Ba6 Rcc7 32.
Rf1 Bc5 33. b4 Be7 34. Bd3 Nd8 35. Ref6 Bxf6 36. exf6 Rgf7 37. Bb2 Ne6 38.
c4 Nf8 39. a3 Nd7 40. h4 Rc6 41. h5 Nf8 42. hxg6+ Nxg6 43. Kh3 h5
{White forfeits on time}
0-1

[Event "ICCopen2016"]
[Site "Internet Chess Club"]
[Date "2016.06.03"]
[Round "6"]
[White "hedgie"]
[Black "Tal-Baron"]
[Result "0-1"]
[ICCResult "White checkmated"]
[WhiteElo "2111"]
[BlackElo "2840"]
[Opening "Grünfeld: 5.Bf4"]
[ECO "D92"]
[NIC "GI.07"]
[Time "19:56:16"]
[TimeControl "180+0"]

1. d4 Nf6 2. c4 g6 3. Nc3 d5 4. Nf3 Bg7 5. Bf4 O-O 6. Rc1 Be6 7. Ng5 c5 8.
Nxe6 fxe6 9. e3 Nc6 10. Be2 cxd4 11. exd4 Ne4 12. Be3 Nxc3 13. Rxc3 e5 14.
cxd5 exd4 15. Rxc6 bxc6 16. Bxd4 Qa5+ 17. Kf1 Qxd5 18. Bxg7 Kxg7 19. Qc2
Rad8 20. h4 Qd2 21. Qxd2 Rxd2 22. Rh3 Rxb2 23. Ra3 Rb1+ 24. Bd1 Rxd1+ 25.
Ke2 Rd7 26. Ra6 Rc7 27. Ra5 Rf6 28. Re5 Rd6 29. Ke3 Rd5 30. Re6 Rb5 31. a4
Kf7 32. axb5 Kxe6 33. bxc6 Rxc6 34. f4 a5 35. Kf3 h5 36. g4 Rc3+ 37. Ke4
hxg4 38. f5+ gxf5+ 39. Kf4 Rh3 40. Kg5 a4 41. h5 a3 42. h6 a2 43. Kg6 a1=Q
44. h7 Qf6# {White checkmated} 0-1

[Event "ICCopen2016"]
[Site "Internet Chess Club"]
[Date "2016.06.03"]
[Round "6"]
[White "misterNobody"]
[Black "KIEV-1"]
[Result "0-1"]
[ICCResult "White checkmated"]
[WhiteElo "1639"]
[BlackElo "2040"]
[Opening "Queen's bishop game"]
[ECO "D02"]
[NIC "QP.06"]
[Time "19:56:47"]
[TimeControl "180+0"]

1. d4 Nf6 2. Nf3 d5 3. Bf4 e6 4. h3 c5 5. e3 Nc6 6. Nbd2 h6 7. c3 g5 8. Bg3
Bd6 9. Ne5 Qc7 10. f4 c4 11. e4 gxf4 12. Nxc6 bxc6 13. Bh4 Nxe4 14. Nxe4
dxe4 15. Bf6 Rg8 16. Qh5 Ba6 17. Qxh6 f3 18. gxf3 exf3 19. Qh7 Rg6 20. O-O-O
Rb8 21. h4 Rxf6 22. Qh8+ Ke7 23. Qh5 Qb6 24. Rd2 Bf4 25. Rh2 Qxb2+ 26. Kd1
Qb1# {White checkmated} 0-1

[Event "ICCopen2016"]
[Site "Internet Chess Club"]
[Date "2016.06.03"]
[Round "6"]
[White "JJ12"]
[Black "Elico"]
[Result "1/2-1/2"]
[ICCResult "Black ran out of time and White has no material to mate"]
[WhiteElo "2270"]
[BlackElo "1814"]
[Opening "Sicilian: Alapin's variation (2.c3)"]
[ECO "B22"]
[NIC "SI.46"]
[Time "19:56:02"]
[TimeControl "180+0"]

1. e4 c5 2. c3 e6 3. d4 d5 4. exd5 exd5 5. Nf3 Nf6 6. Be2 Nc6 7. O-O Be7 8.
dxc5 Bxc5 9. Bg5 O-O 10. Nbd2 h6 11. Bh4 Re8 12. Bd3 g5 13. Bg3 Ne4 14. Nb3
Bb6 15. Nfd4 Nxd4 16. Nxd4 Bxd4 17. cxd4 Qb6 18. Be5 f6 19. Qh5 Bf5 20. Bxe4
Bxe4 21. Bg3 Kg7 22. Rac1 Re7 23. h4 Qxb2 24. Bd6 Rd7 25. hxg5 hxg5 26. Be5
fxe5 27. Qxg5+ Kf7 28. dxe5 Re8 29. Qf6+ Kg8 30. Qg5+ Rg7 31. Qf4 Rxg2+ 32.
Kh1 Rg4+ 33. Qxe4 Rxe4 34. Rg1+ Kf7 35. Rc7+ Ke6 36. Rg6+ Kxe5 37. Rg5+ Kd4
38. Rf7 Re1+ 39. Kg2 R8e2 40. Rg4+ Kd3 41. Rf3+ Kd2 42. Rgf4 Kd1 43. Rd3+
Rd2 44. Rdf3 Ree2 45. Kg3 d4 46. Rf8 Rxf2 47. Rxf2 Rxf2 48. Rxf2 Qxf2+ 49.
Kxf2 Kc2 50. a4 d3 51. a5 d2 52. a6 d1=Q 53. Ke3 Qb1 54. Ke4 Qb6 55. Ke5
Qxa6 56. Kd5 Qb6 57. Ke5 Qc6 58. Kf5
{Black ran out of time and White has no material to mate}
1/2-1/2

[Event "ICCopen2016"]
[Site "Internet Chess Club"]
[Date "2016.06.03"]
[Round "6"]
[White "junard"]
[Black "daviv52"]
[Result "1-0"]
[ICCResult "Black forfeits on time"]
[WhiteElo "1745"]
[BlackElo "2086"]
[Opening "Torre attack (Tartakower variation)"]
[ECO "D03"]
[NIC "QP.07"]
[Time "19:56:15"]
[TimeControl "180+0"]

1. d4 Nf6 2. Bg5 d5 3. Nf3 e6 4. e3 c5 5. c3 Nc6 6. Bd3 Be7 7. O-O O-O 8.
Nbd2 b6 9. a4 Bb7 10. Rc1 Qd7 11. Qe2 Rac8 12. Bb5 Qd8 13. h3 Na5 14. Ne5
cxd4 15. exd4 Ne4 16. Bxe7 Qxe7 17. Nxe4 dxe4 18. Ba6 f6 19. Bxb7 Nxb7 20.
Ng4 Nd6 21. a5 f5 22. Ne5 Nf7 23. axb6 axb6 24. Nc4 b5 25. Nd2 Nd6 26. Ra1
Ra8 27. Nb3 Nc4 28. Nc5 e5 29. b3 exd4 30. cxd4 Nd6 31. Qd2 f4 32. Rae1 Rae8
33. Qa5 e3 34. fxe3 fxe3 35. Qc3 Rxf1+ 36. Rxf1 e2 37. Re1 Qe3+ 38. Qxe3
Rxe3 39. Kf2 Rc3 40. Rxe2 Nf5 41. Nd7 Nxd4 42. Re8+ Kf7 43. Re3 Ne6 44. Ne5+
Ke7 45. Rxc3 Kf6 46. Rc2 {Black forfeits on time} 1-0

[Event "ICCopen2016"]
[Site "Internet Chess Club"]
[Date "2016.06.03"]
[Round "6"]
[White "SMACK"]
[Black "anitak"]
[Result "1-0"]
[ICCResult "Black forfeits on time"]
[WhiteElo "2150"]
[BlackElo "2211"]
[Opening "Caro-Kann: Gurgenidze counter-attack"]
[ECO "B15"]
[NIC "CK.05"]
[Time "19:56:18"]
[TimeControl "180+0"]

1. e4 c6 2. d4 d5 3. Nc3 b5 4. a3 dxe4 5. f3 exf3 6. Qxf3 a6 7. Be3 Nf6 8.
h3 Be6 9. O-O-O Bd5 10. Qf2 Ne4 11. Nxe4 Bxe4 12. Nf3 Bxf3 13. Qxf3 Qd5 14.
Qg4 Nd7 15. Bd3 Nf6 16. Qh4 e6 17. g4 Be7 18. Qg3 Bd6 19. Qh4 Be7 20. Qg3
Qd7 21. Kb1 Nd5 22. Bc1 a5 23. h4 b4 24. a4 b3 25. cxb3 O-O 26. Qf3 Rab8 27.
Qe4 Nf6 28. Qf3 Qd5 29. Qxd5 cxd5 30. Bc2 Nxg4 31. h5 h6 32. Rhg1 Nf2 33.
Rdf1 Ne4 34. Bxh6 Bf6 35. Bxe4 Bxd4 36. Bxg7 Bxg1 37. Bxf8 f5 38. Rxg1+ Kxf8
39. Bc2 Kf7 40. h6 Rh8 41. Rg7+ Kf6 42. Ra7 Rxh6 43. Rxa5
{Black forfeits on time}
1-0

[Event "ICCopen2016"]
[Site "Internet Chess Club"]
[Date "2016.06.03"]
[Round "6"]
[White "DrOussedik"]
[Black "jonesey"]
[Result "1-0"]
[ICCResult "Black forfeits on time"]
[WhiteElo "1924"]
[BlackElo "1838"]
[Opening "Benkö gambit accepted"]
[ECO "A58"]
[NIC "BI.41"]
[Time "19:56:32"]
[TimeControl "180+0"]

1. d4 Nf6 2. c4 c5 3. d5 b5 4. cxb5 a6 5. bxa6 g6 6. Nc3 Bxa6 7. Nf3 Bg7 8.
g3 d6 9. Bg2 Nbd7 10. Rb1 O-O 11. O-O Qa5 12. Bd2 Rfb8 13. b3 Ng4 14. Qc2
Nge5 15. a4 Qd8 16. h3 Ra7 17. Rfe1 Rab7 18. Ne4 Nb6 19. Nxe5 Bxe5 20. Bc3
Bxc3 21. Nxc3 Nd7 22. Ne4 Qa5 23. Rec1 c4 24. bxc4 Rxb1 25. Rxb1 Rxb1+ 26.
Qxb1 Bxc4 27. Qb7 Qxa4 28. e3 Ne5 29. Qxe7 Qa1+ 30. Kh2 Be2 31. Nf6+ Kg7 32.
Ne8+ Kh6 33. Qh4+ Bh5 34. Qf4+ g5 35. Qf6+ Bg6 36. Qg7+ {Black forfeits on
time} 1-0

[Event "ICCopen2016"]
[Site "Internet Chess Club"]
[Date "2016.06.03"]
[Round "6"]
[White "aplusk"]
[Black "Danya"]
[Result "0-1"]
[ICCResult "White forfeits on time"]
[WhiteElo "2838"]
[BlackElo "3046"]
[Opening "Réti opening"]
[ECO "A04"]
[NIC "QP.11"]
[Time "19:55:56"]
[TimeControl "180+0"]

1. Nf3 b6 2. g3 Bb7 3. Bg2 g6 4. d4 Bg7 5. b3 Nf6 6. Bb2 O-O 7. c4 e6 8. O-O
d5 9. Ne5 Nbd7 10. Nc3 Qc8 11. cxd5 Nxe5 12. dxe5 Nxd5 13. Nxd5 exd5 14.
Bxd5 Rd8 15. Bxb7 Qxb7 16. Qc2 c5 17. Rad1 Re8 18. f4 Rac8 19. Rd6 Bf8 20.
Rd2 c4 21. bxc4 b5 22. e3 Rxc4 23. Qd3 Bc5 24. Rfd1 Qf3 25. Bd4 Rd8 26. Qe2
Qxe2 27. Rxe2 Bxd4 28. exd4 Rdxd4 29. Rxd4 Rxd4 30. Rc2 Ra4 31. Kg2 Ra3 32.
Kh3 Kg7 33. Kg4 b4 34. Kg5 h6+ 35. Kg4 h5+ 36. Kg5 Ra5 37. Kh4 Ra3 38. h3 a5
39. g4 hxg4 40. hxg4 Rc3 41. Rd2 Rc7 42. Rd5 a4 43. Rb5 Rc4 44. Kg5 Re4 45.
Rb7 a3 46. f5 Rxe5 47. Rxb4 f6+ 48. Kf4 Re2 49. Rb7+ Kh6 50. Rb6 Kg7 51.
Rb7+ Kh6 52. Rb6 gxf5 53. Rxf6+ Kg7 54. Rxf5 Rxa2 55. Ra5 Ra1 56. Kg3 a2 57.
Kg2 Kf7 58. g5 Kg6 59. Ra6+ Kxg5 60. Ra8 Kf4 61. Ra7 Ke5 62. Ra8 Kd5 63. Ra7
Kc6 64. Ra8 Kb6 65. Ra3 Kb5 66. Ra8 Kb4 67. Rb8+ Kc5 68. Ra8 Kb6 69. Ra3 Kb5
70. Ra8 Kc4 71. Rc8+ Kd3 72. Ra8 Rb1 {White forfeits on time} 0-1

[Event "ICCopen2016"]
[Site "Internet Chess Club"]
[Date "2016.06.03"]
[Round "6"]
[White "boydjj"]
[Black "ChessGeek"]
[Result "1-0"]
[ICCResult "Black checkmated"]
[WhiteElo "1497"]
[BlackElo "1767"]
[Opening "Scandinavian (center counter) defense"]
[ECO "B01"]
[NIC "VO.17"]
[Time "19:56:54"]
[TimeControl "180+0"]

1. e4 d5 2. b3 dxe4 3. Bb2 Nf6 4. Nc3 Bf5 5. Qe2 c6 6. O-O-O Nbd7 7. f3 exf3
8. Nxf3 e6 9. d4 Be7 10. Ne5 Qc7 11. g4 Bg6 12. h4 h5 13. g5 Ng4 14. Nxg6
fxg6 15. Bh3 Qf4+ 16. Kb1 O-O-O 17. Qxe6 Bb4 18. Ne2 Qc7 19. Qxg6 Nf2 20.
Bf5 Nxh1 21. Rxh1 Kb8 22. d5 cxd5 23. Nd4 Qb6 24. Qf7 Rhf8 25. Qxg7 Rg8 26.
Qh7 Bc5 27. Ne6 Rh8 28. Bxh8 Qb4 29. Bb2 Bb6 30. Nxd8 Be3 31. Qxd7 Qb6 32.
Qc8# {Black checkmated} 1-0

[Event "ICCopen2016"]
[Site "Internet Chess Club"]
[Date "2016.06.03"]
[Round "6"]
[White "Dlugy"]
[Black "Aedes"]
[Result "1-0"]
[ICCResult "Black resigns"]
[WhiteElo "2923"]
[BlackElo "2542"]
[Opening "Queen's pawn, Mason variation, Steinitz counter-gambit"]
[ECO "D00"]
[NIC "QP.08"]
[Time "19:56:56"]
[TimeControl "180+0"]

1. d4 d5 2. Bf4 c5 3. e4 Nf6 4. e5 Nfd7 5. Nf3 Nc6 6. c3 cxd4 7. cxd4 Nb6 8.
Nc3 Bg4 9. Be2 e6 10. O-O Be7 11. h3 Bh5 12. Rc1 O-O 13. Ne1 Bg6 14. Be3 Rc8
15. f4 Na5 16. g4 Nac4 17. Ng2 f5 18. exf6 Bxf6 19. b3 Nxe3 20. Nxe3 Nd7 21.
Qd2 Nb8 22. g5 Be7 23. Bd3 Ba3 24. Rc2 Nc6 25. Bxg6 hxg6 26. Ne2 Nb4 27.
Rxc8 Qxc8 28. Ng4 Nc6 29. Qd3 Qe8 30. Kg2 Qf7 31. Ne3 a6 32. h4 Nb4 33. Qb1
Rc8 34. Rd1 b5 35. Rd2 a5 36. Nc2 Nxc2 37. Rxc2 Rxc2 38. Qxc2 Bd6 39. Kf3
Qf5 40. Qxf5 gxf5 41. h5 b4 42. Nc1 Kf7 43. Nd3 Ke7 44. Ke3 Kf7 45. Kd2 Ke7
46. Kc2 Kf7 47. Kb2 Ke7 48. Kc2 Kf7 49. Kd2 Ke7 50. Ke2 Kf7 51. Kf3 Ke7 52.
Kg3 Kf7 53. Kh4 Ke7 54. h6 gxh6 55. gxh6 Kf7 56. Kh5 Kf6 57. h7 Kg7 58.
h8=Q+ Kxh8 59. Kg6 {Black resigns} 1-0